[Event "Czech Championship 2022"]
[Site "Usti nad Labem"]
[Date "2022.05.22"]
[Round "9.20"]
[White "Ocelak, Jakub"]
[Black "Pokrupa, Marek"]
[Result "1-0"]
[ECO "D93"]
[WhiteElo "2060"]
[BlackElo "2117"]
[Annotator "TA"]
[PlyCount "111"]
[EventDate "2022.05.12"]
[EventType "swiss"]
[EventCountry "CZE"]
[SourceTitle "playchess.com"]
[Source "ChessBase"]
[SourceQuality "1"]
[TimeControl "40/5400+30:1800+30"]

1. d4 Nf6 2. Nf3 g6 3. c4 Bg7 4. Nc3 d5 5. Qb3 c6 6. Bf4 O-O 7. e3 Qa5 8. Nd2 Nbd7 9. Be2 Ne4 {[%emt 0:19:40] D93: Grünfeld: 4 Nf3 Bg7 5 Bf4 0-0 6 e3.} 10. Ndxe4 dxe4 11. O-O {[%emt 0:01:27] [#]} Nf6 $146 (11... g5 $11 12. Bg3 f5) ({Predecessor:} 11... f5 12. Rfd1 h6 13. h4 Kh7 14. d5 Nc5 15. Qc2 Bd7 16. Rab1 Bxc3 17. bxc3 cxd5 18. Rxd5 {0-1 (38) Zilberman,Y (2560)-Bykhovsky,A (2400) Rishon Le Ziyyon 1997}) 12. Be5 c5 13. d5 {[%emt 0:02:27] White is more active.} Qb6 14. Qa3 (14. Qc2 $16) 14... Bf5 ({Black should try} 14... Qb4 $14) 15. Na4 Qb4 16. Nxc5 Qxa3 17. bxa3 b6 18. Nb3 Rac8 19. Rac1 Rfd8 20. a4 h5 21. a5 e6 22. axb6 axb6 23. dxe6 Bxe6 24. Nd4 Bg4 25. f3 exf3 26. gxf3 Bh3 {[%emt 0:01:20] [#] aiming for ...Re8.} 27. Rfd1 Re8 28. Bf4 Nh7 29. Kf2 Bf8 30. Nb3 Ra8 31. Rc2 Nf6 32. Bc7 Nd7 $1 33. Kg3 $36 {[%emt 0:00:11][%mdl 2048] White has the initiative.} Be6 34. Nd4 Ra7 35. Bf4 Nc5 36. Rb1 Nd7 37. Rd2 Nf6 (37... Rc8 $16) 38. Rxb6 $18 Nd7 39. Rb5 Nc5 40. Nb3 Rc8 41. Nxc5 Bxc5 42. Kf2 Ra4 43. Be5 {[%emt 0:00:00][%cal Ob5c5] Threatens to win with Rxc5!} Bf8 {[%emt 0:00:00] [#]} 44. c5 $1 Rxa2 45. Rxa2 Bxa2 46. Bd4 Be6 47. Ra5 Be7 48. Bd3 Kf8 49. Ke2 Ke8 (49... Bd8 $16 50. Ra1 Be7) 50. Kd2 Bd8 51. Ra7 Be7 52. Ra5 Bd8 $1 53. Ra1 Bd7 (53... Be7 $16) 54. Be4 Be7 55. Bb7 Rxc5 (55... Rc7 56. Ra8+ Bd8) 56. Ra8+ {[%emt 0:04:33] Weighted Error Value: White=0.15 (very precise) /Black=0.22 (precise)} 1-0

[Event "Czech Championship 2022"]
[Site "Usti nad Labem"]
[Date "2022.05.22"]
[Round "9.21"]
[White "Ret, Adam Josef"]
[Black "Sykora, Ondrej"]
[Result "1/2-1/2"]
[ECO "D26"]
[WhiteElo "2093"]
[BlackElo "2092"]
[Annotator "TA"]
[PlyCount "61"]
[EventDate "2022.05.12"]
[EventType "swiss"]
[EventCountry "CZE"]
[SourceTitle "playchess.com"]
[Source "ChessBase"]
[SourceQuality "1"]
[TimeControl "40/5400+30:1800+30"]

1. d4 Nf6 2. c4 c5 3. e3 cxd4 4. exd4 d5 5. h3 Nc6 6. Nf3 e6 7. Nc3 dxc4 8. Bxc4 Be7 9. a3 O-O 10. O-O a6 {[%emt 0:01:26] D26: Queen's Gambit Accepted: 4 e3 e6 5 Bxc5 c5 sidelines.} 11. Bb3 {[%emt 0:12:23] [#]} b5 $146 ({Predecessor:} 11... b6 12. Re1 Bb7 13. Bc2 Qc7 14. Bg5 Rfd8 15. Qd3 g6 16. Bh4 Rd7 17. Qe3 Rad8 18. Rad1 {1-0 (57) Galvis,A (1783)-Molano,W (1693) Pereira 2021}) 12. Qd3 Bb7 {[%emt 0:11:05] Black has an edge.} 13. Bc2 g6 14. Bh6 Re8 15. Qe3 ({White should try} 15. Rac1 $11) 15... b4 (15... Rc8 $15) 16. axb4 $11 Nxb4 17. Ba4 $36 {[%emt 0:00:27][%mdl 2048] White is pushing.} Bc6 $1 18. Bxc6 Nxc6 19. Rfd1 Nb4 20. Qe2 {[%emt 0:01:02] Against Nc2} Qb6 21. Ne5 Qb7 22. Ra4 Red8 (22... Rec8 $11 {should be considered.}) 23. Nc4 (23. Re1 $1 $14) 23... Rac8 {[%emt 0:04:52] The position is equal.} 24. Ne5 Ne8 25. Ne4 {[%emt 0:07:53] [#] Black must now prevent Qf3.} Qb5 26. Qxb5 axb5 27. Ra7 Rc7 28. Rxc7 Nxc7 29. Rc1 Ncd5 30. Nc6 Nxc6 31. Rxc6 {[%emt 0:00:03] A balanced but interesting game.  Weighted Error Value: White=0.12 (very precise) /Black=0.17 (very precise)} 1/2-1/2

[Event "Czech Championship 2022"]
[Site "Usti nad Labem"]
[Date "2022.05.22"]
[Round "9.22"]
[White "Nytra, Ondrej"]
[Black "Jirasko, Miroslav"]
[Result "0-1"]
[ECO "B32"]
[WhiteElo "2219"]
[BlackElo "2091"]
[Annotator "TA"]
[PlyCount "86"]
[EventDate "2022.05.12"]
[EventType "swiss"]
[EventCountry "CZE"]
[SourceTitle "playchess.com"]
[Source "ChessBase"]
[SourceQuality "1"]
[TimeControl "40/5400+30:1800+30"]

1. e4 c5 2. Nf3 Nc6 3. d4 cxd4 4. Nxd4 e5 5. Nb5 d6 6. N1c3 a6 7. Na3 Be7 8. Nc4 b5 {[%emt 0:00:09] B32: Sicilian: Löwenthal and Kalashnikov Variations.} 9. Ne3 Nf6 10. Bd3 O-O {[%emt 0:00:56] White has an edge.} 11. O-O Nb4 12. Be2 Be6 13. a3 Nc6 14. Bd3 Nd7 15. Ned5 {[%emt 0:09:23] [#]} Nc5 $146 ({Predecessor:} 15... Bg5 16. Nb4 Nd4 17. Be3 Nc5 18. f4 Bh6 19. Bxd4 exd4 20. Ncd5 Rc8 21. f5 Bxd5 22. Nxd5 f6 23. b3 Re8 {½-½ (30) Kozarski,F (2280)-Borisovs,L (2335) ICCF email 2008}) 16. Be3 Nxd3 17. Qxd3 Bg5 18. Bb6 Qd7 19. Rad1 Rac8 20. f4 (20. Qg3 f6 21. Be3 Bxe3 22. Nxe3 (22. fxe3 Bxd5 23. Nxd5 Qe6) (22. Qxe3 Qd8)) (20. Be3 $11 Bxe3 21. Qxe3) 20... exf4 $17 {[%emt 0:08:06] Black keeps a firm grip on the game.} 21. Nxf4 Bc4 {[%emt 0:02:40][%cal Be6c4,Bc4f1,Bf1c4][%mdl 32] This bishop pair is nice.} 22. Qg3 Bxf1 23. Qxg5 {[%emt 0:00:05] [#]} Bc4 24. Nh5 (24. Bc5 $17) 24... f6 $19 25. Qg3 {[%emt 0:00:03] [#]} Qf7 $1 26. Nf4 f5 27. b3 {[%emt 0:03:22] [#]} fxe4 $1 28. bxc4 {[%emt 0:00:08] aiming for Nfd5.} Qxf4 29. Qxf4 Rxf4 30. cxb5 axb5 31. Nxb5 Rb8 32. Be3 Rf6 ({Stronger than} 32... Rxb5 33. Bxf4 d5 34. a4 $15) 33. a4 Na5 34. Rd4 Rc8 ({Don't blunder} 34... Rbf8 $2 35. h3) 35. c3 (35. Nxd6 $142 Rxc2 36. g3) 35... Rc4 36. Rd1 Rxa4 {[%emt 0:02:11] Strongly threatening ...Nc4.} 37. Nxd6 Nc4 38. Nxe4 $2 (38. Nxc4 {was the only defense.} Rxc4 39. Bd4) 38... Nxe3 {[%emt 0:00:59] Black is winning.} 39. Nxf6+ gxf6 {[%emt 0:00:13] KRN-KR} 40. Rd8+ Kf7 41. Kf2 Ng4+ 42. Kg3 Rc4 43. Ra8 Ne3 {[%emt 0:02:02] Weighted Error Value: White=0.29 (precise) /Black=0.09 (flawless)} 0-1

[Event "Czech Championship 2022"]
[Site "Usti nad Labem"]
[Date "2022.05.22"]
[Round "9.23"]
[White "Delgerdalai, Bayarjavkhlan"]
[Black "Horak, Martin"]
[Result "1/2-1/2"]
[ECO "D35"]
[WhiteElo "2119"]
[BlackElo "2343"]
[Annotator "TA"]
[PlyCount "105"]
[EventDate "2022.05.12"]
[EventType "swiss"]
[EventCountry "CZE"]
[SourceTitle "playchess.com"]
[Source "ChessBase"]
[SourceQuality "1"]
[TimeControl "40/5400+30:1800+30"]

1. d4 Nf6 2. c4 e6 3. Nf3 d5 4. cxd5 exd5 5. Nc3 c6 6. Bg5 Be7 7. e3 h6 8. Bh4 Bf5 9. Bd3 Bxd3 10. Qxd3 O-O 11. O-O Nbd7 12. Rab1 a5 {[%emt 0:02:02] D35: Queen's Gambit Declined: Exchange Variation.} 13. a3 {[%emt 0:01:47] [#]} Ne8 $146 ({Predecessor:} 13... a4 14. Qc2 Qa5 15. Ne5 Rfe8 16. Nd3 Ne4 17. Bxe7 Rxe7 18. Rfc1 Nd6 19. h3 Ree8 {½-½ (57) Jobava,B (2620)-Gozzoli,Y (2608) Europe Echecs INT 2020}) 14. Bg3 Bd6 15. b4 axb4 16. axb4 Ra3 17. Qc2 Nb6 18. b5 Nc4 19. bxc6 bxc6 20. Na4 Qa5 21. Nb2 Bxg3 22. hxg3 Ned6 23. Nxc4 Nxc4 24. Qf5 Qc7 25. g4 Qe7 26. g5 g6 27. Qf4 hxg5 28. Qxg5 Qxg5 29. Nxg5 Nd2 30. Ra1 Rfa8 31. Rxa3 Rxa3 $11 {[%emt 0:00:03][%mdl 4096] Endgame KRN-KRN} 32. Rc1 Ra6 33. Rc2 Nc4 34. Rc1 Nd2 35. Nh3 Kf8 36. Nf4 Ke7 37. Nd3 Nc4 38. Rb1 Ra7 {[%emt 0:01:46] Inhibits Rb7+.} 39. Rb8 Kd6 40. g4 g5 41. Nc5 Re7 (41... Ne5 $11 {keeps the balance.}) 42. Kg2 (42. Rd8+ $16 Kc7 43. Rg8) 42... Nd2 $2 {[%emt 0:01:55] [#]} (42... Ne5 $1 $11 {and Black stays safe.}) 43. Rd8+ (43. Rg8 $1 $18) 43... Kc7 $16 44. Rg8 f6 45. Rf8 Ne4 46. Nd3 {[%emt 0:01:25] White is more active.} (46. Nxe4 $16 Rxe4 47. Rf7+ (47. Rxf6 c5 $16) 47... Kb6 48. Rxf6 Rxg4+ 49. Kh3) 46... Re6 $14 47. Kf1 Kd7 48. Ra8 Re8 {[%emt 0:00:56] The position is equal.} 49. Ra7+ Kd6 50. f3 Nd2+ ({Don't play} 50... Nc3 51. Nc5 Re7 52. Nb7+ Ke6 53. Nd8+ Kd6 54. Nf7+ Ke6 55. Nd8+ Kd6 56. Nf7+ Ke6 57. Nd8+ $16) 51. Kf2 $1 Re7 $1 52. Rxe7 Kxe7 53. Ke2 {[%emt 0:00:00] Weighted Error Value: White=0.13 (very precise) /Black=0.15 (very precise)} 1/2-1/2